PR
LADUE RAMS @ GIBTOWN ELEPHANTS
06/25/2032
 
TOP OF THE 1ST
Ladue Rams batting - Pitching for Gibtown Elephants : RHP Manuel Medranda
Pitching: RHP Manuel Medranda
Batting: LHB Conrad Hessing 0-0: Ball
1-0: Called Strike
1-1: Foul Ball, location: 2F
1-2: Foul Ball, location: 2F
1-2: Strikes out looking
Batting: LHB Mihai Dumitru 0-0: Called Strike
0-1: SINGLE (Flyball, 89S)
Batting: LHB Qing-nian Zexian 0-0: Ball
1-0: Called Strike
1-1: Ball
2-1: Ball
3-1: Called Strike
3-2: Strikes out swinging
Batting: RHB Y-Tic Amanap 0-0: Ball
1-0: Called Strike
1-1: Ball
2-1: Fly out, F7 (Flyball, 7)
Top of the 1st over - 0 runs, 1 hit, 0 errors, 1 left on base; Ladue 0 - Gibtown 0
BOTTOM OF THE 1ST
Gibtown Elephants batting - Pitching for Ladue Rams : RHP Brian Guilbert
Pitching: RHP Brian Guilbert
Batting: LHB Bruce Webster 0-0: Ball
1-0: Ball
2-0: Ball
3-0: Called Strike
3-1: Base on Balls
Batting: LHB Luis Serrano 0-0: Ball
1-0: Fly out, F2 (Popup, 25F)
Batting: RHB Tae-wan Park 0-0: Ball
1-0: Ball
2-0: Foul Ball, location: 2F
2-1: Fly out, F9 (Line Drive, 9D)
Batting: RHB Zi-cheng Sun 0-0: Called Strike
0-1: Ball
Bruce Webster steals 2nd base
1-1: Ball
2-1: Swinging Strike
2-2: Ball
3-2: Foul Ball, location: 2F
3-2: Foul Ball, location: 2F
3-2: Ground out 1-3 (Groundball, P)
Bottom of the 1st over - 0 runs, 0 hits, 0 errors, 1 left on base; Ladue 0 - Gibtown 0
TOP OF THE 2ND
Ladue Rams batting - Pitching for Gibtown Elephants : RHP Manuel Medranda
Batting: RHB Curt Taylor 0-0: Called Strike
0-1: Called Strike
0-2: Ball
1-2: Strikes out looking
Batting: RHB Rafael García 0-0: Foul Ball, location: 2F
0-1: Swinging Strike
0-2: Ball
1-2: Ball
2-2: Strikes out swinging
Batting: SHB Eric Quick 0-0: Foul Ball, location: 2F
0-1: Called Strike
0-2: Ball
1-2: Strikes out looking
Top of the 2nd over - 0 runs, 0 hits, 0 errors, 0 left on base; Ladue 0 - Gibtown 0
BOTTOM OF THE 2ND
Gibtown Elephants batting - Pitching for Ladue Rams : RHP Brian Guilbert
Batting: RHB Tae-gyoon Ch'oe 0-0: Ball
1-0: Foul Ball, location: 2F
1-1: Swinging Strike
1-2: Ball
2-2: Strikes out swinging
Batting: RHB Joaquín Lara 0-0: Called Strike
0-1: Fly out, F9 (Line Drive, 9)
Batting: SHB Wren Driscoll 0-0: Called Strike
0-1: Ball
1-1: Ball
2-1: Ball
3-1: Ground out 4-3 (Groundball, 4MS)
Bottom of the 2nd over - 0 runs, 0 hits, 0 errors, 0 left on base; Ladue 0 - Gibtown 0
TOP OF THE 3RD
Ladue Rams batting - Pitching for Gibtown Elephants : RHP Manuel Medranda
Batting: RHB Lex van Esch 0-0: Ball
1-0: Called Strike
1-1: Ball
2-1: Called Strike
2-2: Strikes out swinging
Batting: RHB Carlos Santos 0-0: Ball
1-0: Foul Ball, location: 2F
1-1: Ball
2-1: Ball
3-1: Foul Ball, location: 2F
3-2: Base on Balls
Batting: LHB Conrad Hessing 0-0: Ball
1-0: Called Strike
1-1: Ball
2-1: Foul Ball, location: 2F
2-2: Strikes out swinging
Batting: LHB Mihai Dumitru 0-0: Ball
1-0: Called Strike
1-1: Foul Ball, location: 2F
1-2: Foul Ball, location: 2F
1-2: Ball
2-2: Ball
3-2: Base on Balls
Carlos Santos to second
Batting: LHB Qing-nian Zexian 0-0: Called Strike
0-1: Foul Ball, location: 2F
0-2: Strikes out swinging
Top of the 3rd over - 0 runs, 0 hits, 0 errors, 2 left on base; Ladue 0 - Gibtown 0
BOTTOM OF THE 3RD
Gibtown Elephants batting - Pitching for Ladue Rams : RHP Brian Guilbert
Batting: RHB Luis Romero 0-0: Ball
1-0: Foul Ball, location: 2F
1-1: Foul Ball, location: 2F
1-2: Foul Ball, location: 2F
1-2: Foul Ball, location: 2F
1-2: DOUBLE (Flyball, 89D)
Batting: RHB Troy Flynn 0-0: Ball
1-0: Swinging Strike
1-1: Ball
2-1: Ball
3-1: Foul Ball, location: 2F
3-2: SINGLE (Flyball, 78M)
Luis Romero to third
Batting: LHB Bruce Webster 0-0: Swinging Strike
0-1: Fielders Choice at 2nd, 5-4 (Groundball, 56)
Luis Romero scores
Batting: LHB Luis Serrano 0-0: Ball
1-0: Foul Ball, location: 2F
1-1: Called Strike
1-2: Ball
2-2: Foul Ball, location: 2F
2-2: Fly out, F7 (Flyball, 78M)
Batting: RHB Tae-wan Park 0-0: Foul Ball, location: 2F
0-1: Ball
1-1: Ball
2-1: Ball
3-1: Base on Balls
Bruce Webster to second
Batting: RHB Zi-cheng Sun 0-0: Ball
1-0: Swinging Strike
1-1: SINGLE (Flyball, 9S)
Bruce Webster to third
Tae-wan Park to second
Runner from 3rd tries for Home, SAFE, no throw
Batting: RHB Tae-gyoon Ch'oe 0-0: Ball
1-0: Ball
2-0: Foul Ball, location: 2F
2-1: Ball
3-1: Base on Balls
Tae-wan Park to third
Zi-cheng Sun to second
Batting: RHB Joaquín Lara 0-0: Ball
1-0: SINGLE (Groundball, 6) (infield hit)
Tae-wan Park scores
Zi-cheng Sun to third
Tae-gyoon Ch'oe to second
Batting: SHB Wren Driscoll 0-0: Called Strike
0-1: Ball
1-1: Ball
2-1: Swinging Strike
2-2: Fly out, F9 (Flyball, 9LS)
Bottom of the 3rd over - 3 runs, 4 hits, 0 errors, 3 left on base; Ladue 0 - Gibtown 3
TOP OF THE 4TH
Ladue Rams batting - Pitching for Gibtown Elephants : RHP Manuel Medranda
Batting: RHB Y-Tic Amanap 0-0: Ball
1-0: Called Strike
1-1: Foul Ball, location: 2F
1-2: DOUBLE (Line Drive, 78XD)
Batting: RHB Curt Taylor 0-0: Ball
1-0: Ball
2-0: Called Strike
2-1: Ground out 6-3 (Groundball, 6S)
Y-Tic Amanap to third
Batting: RHB Rafael García 0-0: Ball
1-0: Ball
2-0: Foul Ball, location: 2F
2-1: Ball
3-1: Fly out, F7 (Flyball, 78S)
Batting: SHB Eric Quick 0-0: Ball
1-0: Ball
2-0: Swinging Strike
2-1: Called Strike
2-2: Ball
3-2: Strikes out swinging
Top of the 4th over - 0 runs, 1 hit, 0 errors, 1 left on base; Ladue 0 - Gibtown 3
BOTTOM OF THE 4TH
Gibtown Elephants batting - Pitching for Ladue Rams : RHP Brian Guilbert
Batting: RHB Luis Romero 0-0: Ball
1-0: Ball
2-0: Ball
3-0: Called Strike
3-1: Foul Ball, location: 2F
3-2: Base on Balls
Batting: RHB Troy Flynn 0-0: Ball
1-0: Foul Ball, location: 2F
1-1: Ball
2-1: Ball
3-1: Ground out U3 (Groundball, 34)
Luis Romero to second
Batting: LHB Bruce Webster 0-0: Ball
1-0: Ball
2-0: SINGLE (Groundball, 6) (infield hit)
Luis Romero to third
Batting: LHB Luis Serrano 0-0: Ball
1-0: Ball
2-0: Swinging Strike
2-1: Ball
3-1: Foul Ball, location: 2F
3-2: SINGLE (Line Drive, 4MD)
Luis Romero scores
Bruce Webster to second
Bruce Webster to third
Batting: RHB Tae-wan Park 0-0: Ball
1-0: Foul Ball, location: 2F
1-1: Ball
2-1: Ball
Wild Pitch!
Bruce Webster scores
Luis Serrano to second
3-1: Foul Ball, location: 2F
3-2: Ground out 1-3 (Groundball, 13)
Luis Serrano to third
Batting: RHB Zi-cheng Sun 0-0: Ball
1-0: Ball
2-0: Swinging Strike
2-1: Ball
3-1: SINGLE (Groundball, 4MS) (infield hit)
Luis Serrano scores
Pitching: LHP Kyle Garlick
Batting: RHB Tae-gyoon Ch'oe 0-0: Ball
1-0: Foul Ball, location: 2F
1-1: Foul Ball, location: 2F
1-2: Ball
2-2: Ball
3-2: Foul Ball, location: 2F
3-2: Foul Ball, location: 2F
3-2: SINGLE (Line Drive, 7S)
Zi-cheng Sun to second
Zi-cheng Sun to third
Batting: RHB Joaquín Lara 0-0: SINGLE (Line Drive, 34)
Zi-cheng Sun scores
Tae-gyoon Ch'oe to second
Batting: SHB Wren Driscoll 0-0: Ball
1-0: Foul Ball, location: 2F
1-1: Fielders Choice at 2nd, 5-4 (Groundball, 5)
Bottom of the 4th over - 4 runs, 5 hits, 0 errors, 2 left on base; Ladue 0 - Gibtown 7
TOP OF THE 5TH
Ladue Rams batting - Pitching for Gibtown Elephants : RHP Manuel Medranda
Batting: RHB Lex van Esch 0-0: Foul Ball, location: 2F
0-1: Foul Ball, location: 2F
0-2: Foul Ball, location: 2F
0-2: Ball
1-2: Ground out 4-3 (Groundball, 4)
Batting: RHB Carlos Santos 0-0: Called Strike
0-1: Swinging Strike
0-2: Ball
1-2: Strikes out swinging
Batting: LHB Conrad Hessing 0-0: Ball
1-0: Ball
2-0: Fly out, F4 (Line Drive, 4)
Top of the 5th over - 0 runs, 0 hits, 0 errors, 0 left on base; Ladue 0 - Gibtown 7
BOTTOM OF THE 5TH
Gibtown Elephants batting - Pitching for Ladue Rams : LHP Kyle Garlick
Batting: RHB Luis Romero 0-0: Ball
1-0: Fly out, F8 (Flyball, 8RM)
Batting: RHB Troy Flynn 0-0: Ball
1-0: Fly out, F9 (Line Drive, 9)
Batting: LHB Bruce Webster 0-0: Called Strike
0-1: Ball
1-1: Ball
2-1: Foul Ball, location: 2F
2-2: Ball
3-2: SINGLE (Line Drive, 8LS)
Batting: LHB Luis Serrano 0-0: Ball
1-0: Called Strike
1-1: Swinging Strike
1-2: Foul Ball, location: 2F
1-2: SINGLE (Groundball, 34D)
Bruce Webster to second
Runner from 2nd tries for 3rd, SAFE, no throw
Batting: RHB Tae-wan Park 0-0: Ball
1-0: Ball
Wild Pitch!
Bruce Webster scores
Luis Serrano to second
2-0: Foul Ball, location: 2F
2-1: Foul Ball, location: 2F
2-2: Strikes out swinging
Bottom of the 5th over - 1 run, 2 hits, 0 errors, 1 left on base; Ladue 0 - Gibtown 8
TOP OF THE 6TH
Ladue Rams batting - Pitching for Gibtown Elephants : RHP Manuel Medranda
Batting: LHB Mihai Dumitru 0-0: Called Strike
0-1: Ball
1-1: Called Strike
1-2: Strikes out swinging
Batting: LHB Qing-nian Zexian 0-0: Swinging Strike
0-1: Fly out, F6 (Line Drive, 6)
Batting: RHB Y-Tic Amanap 0-0: Ball
1-0: Fly out, F5 (Popup, 56)
Top of the 6th over - 0 runs, 0 hits, 0 errors, 0 left on base; Ladue 0 - Gibtown 8
BOTTOM OF THE 6TH
Gibtown Elephants batting - Pitching for Ladue Rams : LHP Kyle Garlick
Batting: RHB Zi-cheng Sun 0-0: Foul Ball, location: 2F
0-1: Foul Ball, location: 2F
0-2: Ball
1-2: SINGLE (Groundball, 34D)
Batting: RHB Tae-gyoon Ch'oe 0-0: Ball
1-0: Foul Ball, location: 2F
1-1: Called Strike
1-2: SINGLE (Flyball, 78M)
Zi-cheng Sun to second
Batting: RHB Joaquín Lara 0-0: Called Strike
0-1: Called Strike
0-2: Ball
1-2: Ground out 5-3 (Groundball, 5S)
Zi-cheng Sun to third
Tae-gyoon Ch'oe to second
Batting: SHB Wren Driscoll 0-0: Called Strike
0-1: Ball
1-1: Ground out 5-3 (Groundball, 5)
Batting: RHB Luis Romero 0-0: Foul Ball, location: 2F
0-1: 3-RUN HOME RUN (Flyball, 78XD), Distance : 439 ft
Batting: RHB Troy Flynn 0-0: Ball
1-0: Ball
2-0: SOLO HOME RUN (Flyball, 7D), Distance : 400 ft
Batting: LHB Bruce Webster 0-0: Ball
1-0: Ball
2-0: Ball
3-0: Called Strike
3-1: Reached on error, E4 (Groundball, 4)
Batting: LHB Luis Serrano 0-0: Ball
1-0: SINGLE (Groundball, 34D)
Bruce Webster to second
Runner from 2nd tries for 3rd, SAFE, no throw
Batting: RHB Tae-wan Park 0-0: Ball
1-0: Ball
2-0: Ball
3-0: Called Strike
3-1: Fielders Choice at 2nd, 6-4 (Groundball, 6)
Bottom of the 6th over - 4 runs, 5 hits, 1 error, 2 left on base; Ladue 0 - Gibtown 12
TOP OF THE 7TH
Ladue Rams batting - Pitching for Gibtown Elephants : RHP Manuel Medranda
Batting: RHB Curt Taylor 0-0: Ball
1-0: Ball
2-0: Called Strike
2-1: Called Strike
2-2: Foul Ball, location: 2F
2-2: Strikes out looking
Batting: RHB Rafael García 0-0: Ball
1-0: Ball
2-0: Ball
3-0: Called Strike
3-1: Called Strike
3-2: Base on Balls
Batting: SHB Eric Quick 0-0: Called Strike
0-1: Ball
1-1: Fly out, F8 (Flyball, 8LD)
Batting: RHB Lex van Esch 0-0: Called Strike
0-1: Called Strike
0-2: Foul Ball, location: 2F
0-2: Ball
1-2: Foul Ball, location: 2F
1-2: Ball
2-2: Foul Ball, location: 2F
2-2: Strikes out swinging
Top of the 7th over - 0 runs, 0 hits, 0 errors, 1 left on base; Ladue 0 - Gibtown 12
BOTTOM OF THE 7TH
Gibtown Elephants batting - Pitching for Ladue Rams : LHP Kyle Garlick
Pitching: LHP Denie Ulderink
Batting: RHB Zi-cheng Sun 0-0: Called Strike
0-1: Fly out, F9 (Flyball, 9LMF)
Batting: RHB Tae-gyoon Ch'oe 0-0: Called Strike
0-1: Foul Ball, location: 2F
0-2: Ball
1-2: Ball
2-2: Ball
3-2: SINGLE (Line Drive, 7LS)
Batting: RHB Joaquín Lara 0-0: Ball
1-0: Called Strike
1-1: Fly out, F9 (Flyball, 9LM)
Batting: SHB Wren Driscoll 0-0: Ball
1-0: Swinging Strike
1-1: Ball
2-1: Foul Ball, location: 2F
2-2: Foul Ball, location: 2F
2-2: Foul Ball, location: 2F
2-2: Strikes out looking
Bottom of the 7th over - 0 runs, 1 hit, 0 errors, 1 left on base; Ladue 0 - Gibtown 12
TOP OF THE 8TH
Ladue Rams batting - Pitching for Gibtown Elephants : RHP Manuel Medranda
Batting: RHB Carlos Santos 0-0: Ball
1-0: Ball
2-0: Ball
3-0: Called Strike
3-1: Foul Ball, location: 2F
3-2: Foul Ball, location: 2F
3-2: SINGLE (Groundball, 5) (infield hit)
Pinch Hitting: RHB Téo Kremer 0-0: Ball
1-0: Swinging Strike
1-1: Foul Ball, location: 2F
1-2: Strikes out swinging
Batting: LHB Mihai Dumitru 0-0: Swinging Strike
0-1: Foul Ball, location: 2F
0-2: Ball
1-2: Foul Ball, location: 2F
1-2: Grounds into double play, 4-6-3 (Groundball, 4)
Top of the 8th over - 0 runs, 1 hit, 0 errors, 0 left on base; Ladue 0 - Gibtown 12
BOTTOM OF THE 8TH
Gibtown Elephants batting - Pitching for Ladue Rams : LHP Denie Ulderink
Now in CF: Harry Cornelis
Batting: RHB Luis Romero 0-0: Ball
1-0: Swinging Strike
1-1: SINGLE (Groundball, 6MD)
Batting: RHB Troy Flynn 0-0: Ball
1-0: DOUBLE (Line Drive, 7LM)
Luis Romero to third
Runner from 3rd tries for Home, SAFE, no throw
Batting: LHB Bruce Webster 0-0: Ball
1-0: Foul Ball, location: 2F
1-1: Ball
2-1: Foul Ball, location: 2F
2-2: Ground out 3-1 (Groundball, 34S)
Troy Flynn to third
Batting: LHB Luis Serrano 0-0: Called Strike
0-1: Ball
1-1: Foul Ball, location: 2F
1-2: Strikes out swinging
Batting: RHB Tae-wan Park 0-0: Ball
1-0: Ball
2-0: Foul Ball, location: 2F
2-1: Ground out 4-3 (Groundball, 4MD)
Bottom of the 8th over - 1 run, 2 hits, 0 errors, 1 left on base; Ladue 0 - Gibtown 13
TOP OF THE 9TH
Ladue Rams batting - Pitching for Gibtown Elephants : RHP Manuel Medranda
Now at C: Hildo Aldershoff
Batting: LHB Qing-nian Zexian 0-0: Ball
1-0: Ground out 5-3 (Groundball, 56S)
Pinch Hitting: SHB Orlando Pereira 0-0: Called Strike
0-1: Ball
1-1: Foul Ball, location: 2F
1-2: Ball
2-2: Ball
3-2: Base on Balls
Batting: RHB Curt Taylor 0-0: SINGLE (Groundball, 56D)
Orlando Pereira to second
Batting: RHB Rafael García 0-0: Ball
1-0: Fly out, F7 (Line Drive, 7D)
Batting: SHB Eric Quick 0-0: Called Strike
0-1: Fly out, F9 (Flyball, 9)
Top of the 9th over - 0 runs, 1 hit, 0 errors, 2 left on base; Ladue 0 - Gibtown 13
Wednesday, September 19th, 2018 - OOTP Baseball 18.8 Build 76